 Dungeon Crawl Stone Soup version 0.31-a0-700-gf13585253f (webtiles) character file.

Game seed: 17825784030255213994

98 javelincjr the Caller (level 4, 0/42 HPs)
             Began as an Octopode Summoner on Sept 7, 2023.
             Slain by an orc wizard
             ... wielding a +0 dagger
              (4 damage)
             ... on level 3 of the Dungeon.
             The game lasted 00:07:10 (1910 turns).

javelincjr the Caller (Octopode Summoner)           Turns: 1910, Time: 00:07:11

Health: 0/42       AC:  1    Str:  7    XL:     4   Next: 69%
Magic:  4/7        EV: 13    Int: 19    God:
Gold:   115        SH:  0    Dex: 12    Spells: 2/8 levels left

rFire   . . .        (no weapon)
rCold   . . .        (no shield)
rNeg    . . .        (helmet restricted)
rPois   .            (no amulet)
rElec   .            b - ring of resist corrosion
rCorr   +            (no ring)
SInv    .            (no ring)
Will    .....        (no ring) Stlth
                     (no ring)
HPRegen 0.27/turn    (no ring)
MPRegen 0.10/turn    (no ring)
                     (no ring)

%: no passive effects
@: berserking, very quick
A: almost no armour, amphibious, 8 rings, camouflage 1, gelatinous body 1,
(nimble swimmer 1), tentacles, low MP 1
a: no special abilities


You were on level 3 of the Dungeon.
You visited 1 branch of the dungeon, and saw 3 of its levels.

You collected 115 gold pieces.

Inventory:

Armour
 e - a +0 kite shield
Jewellery
 b - a ring of resist corrosion (left tentacle)
Scrolls
 c - 2 scrolls of enchant weapon {unknown}
 d - 2 scrolls of fog {unknown}
 f - a scroll of immolation {unknown}
 g - a scroll of identify {unknown}
 l - a scroll of revelation {unknown}
Potions
 a - a potion of magic
 h - a potion of mutation
 j - a potion of curing {unknown}
 k - a potion of invisibility {unknown}


   Skills:
 + Level 1.1 Fighting
 + Level 2.5 Dodging
 + Level 3.3 Stealth
 + Level 0.7 Shields
 * Level 2.9 Spellcasting
 * Level 4.5 Summonings


You had 2 spell levels left.
You knew the following spells:

 Your Spells              Type           Power      Damage    Failure   Level
a - Summon Small Mammal   Summ           80%        N/A       2%          1
b - Call Imp              Summ           40%        N/A       3%          2
c - Call Canine Familiar  Summ           20%        N/A       7%          3

Your spell library contained the following spells:

 Spells                   Type           Power      Damage    Failure   Level
 Ensorcelled Hibernation  Hex/Ice        4%         N/A       24%         2
 Passwall                 Tmut/Erth      1%         N/A       24%         2
 Summon Guardian Golem    Hex/Summ       11%        N/A       19%         3
 Swiftness                Air            2%         N/A       43%         3
 Summon Lightning Spire   Summ/Air       11%        N/A       52%         4


Dungeon Overview and Level Annotations

Branches:
Dungeon (3/15)

Altars:

Shops:
D:2 (


Innate Abilities, Weirdness & Mutations

You cannot wear most types of armour.
You are amphibious.
You can wear up to eight rings at the same time.
Your skin changes colour to match your surroundings (Stealth+).
Your rubbery body absorbs attacks. (AC +1, EV +1)
((You are camouflaged when in or above water. (Stealth+)))
You have tentacles for arms and can constrict up to eight enemies at once.
Your magical capacity is low. (-10% MP)


Message History

You tentacle-slap the orc but do no damage.
You grab the orc. You squeeze the orc.
The orc is severely wounded.
You constrict the orc.
You kill the orc!
Your cerulean imp hits the orc wizard from afar with a -3 spear.
The orc wizard mumbles some strange words.
The orc wizard flickers and vanishes!
Deactivating autopickup; reactivate with Ctrl-A.
You swap places.
You hear some strange, mumbled words.
A puff of flame appears from out of thin air!
The puff of flame hits your cerulean imp!
Casting: Summon Small Mammal (safe; 2% risk of failure)
Confirm with . or Enter, or press ? or * to list all spells.
Something barely misses your cerulean imp.
You hear some strange, mumbled words.
A puff of flame appears from out of thin air!
The puff of flame hits your cerulean imp!
Your cerulean imp dies!
Your cerulean imp disappears in a puff of smoke!
Your hound closely misses something. x2
Your hound bites something but does no damage.
Your hound misses something. Something hits you.
* * * LOW HITPOINT WARNING * * *
Your hound barely misses something.
It was a potion of mutation.
You feel extremely strange.
You feel less energetic.
Your hound bites something.
Something hits you.
* * * LOW HITPOINT WARNING * * *
It was a potion of berserk rage.
A red film seems to cover your vision as you go berserk!
You feel yourself moving faster!
You feel mighty!
Your hound closely misses something.
Something hits you.
* * * LOW HITPOINT WARNING * * *
Your hound bites something.
You feel a strong urge to attack something.
Your hound bites something.
You closely miss something. Something hits you.
You die...

.. .. .. .# .# .#
#.########.######
#.....)h@........
##.#.)<{.#.....#
#.#...# ....# ..
#.$.# ...# ...
#.....+ ..# ...
#.##### .# .. #..
# . ###


You could see a friendly hound (summoned).

Vanquished Creatures
  An orc wizard (D:3)
  An adder (D:2)
  3 orcs (D:3)
  6 bats
  A giant cockroach (D:1)
  2 goblins (D:1)
  4 hobgoblins
  3 quokkas
  2 ball pythons
  2 kobolds
  A rat (D:1)
26 creatures vanquished.

Vanquished Creatures (collateral kills)
  An adder (D:2)
  A worm (D:3)
  3 dart slugs (D:1)
  2 endoplasms (D:1)
  A giant cockroach (D:1)
  A hobgoblin (D:1)
  A kobold (D:1)
  A quokka (D:2)
  A ball python (D:2)
  3 bats
  2 rats
17 creatures vanquished.

Vanquished Creatures (others)
  A bat (D:2)
1 creature vanquished.

Grand Total: 44 creatures vanquished

Notes
Turn   | Place    | Note
-------+----------+-------------------------------------------
     0 | D:1      | javelincjr the Octopode Summoner began the quest for the
                  | Orb.
     0 | D:1      | Reached XP level 1. HP: 11/11 MP: 3/3
    55 | D:1      | Found a faded altar of an unknown god.
    97 | D:1      | Reached XP level 2. HP: 18/18 MP: 3/5
   730 | D:1      | Reached XP level 3. HP: 22/22 MP: 3/6
   776 | D:1      | Learned a level 2 spell: Call Imp
   780 | D:1      | Learned a level 3 spell: Call Canine Familiar
  1265 | D:2      | Reached skill level 1 in Fighting
  1468 | D:2      | Found Pokh's Antique Weapon Shop.
  1751 | D:2      | Reached XP level 4. HP: 26/28 MP: 6/8
  1907 | D:3      | Gained mutation: Your magical capacity is low. (-10% MP)
                  | [potion of mutation]
  1910 | D:3      | Slain by an orc wizard

Illustrated notes

Levels and vault maps discovered:
D:1:      tarquinn_simple_flora_water_b, layout_loops_ring,
          dreamdust_ecumenical_altar_grove
D:2:      layout_rooms, serial_shops, nicolae_shop_statue_plus,
          kennysheep_cross_bottleneck, minmay_pentomino_u4
D:3:      layout_basic, nicolae_vehumet_altar_sigil, serial_shops,
          nicolae_shop_rolling_square, gammafunk_ghost_nasty_kobolds,
          minmay_pentangle, uniq_crazy_yiuf_cottage

Skill      XL: |  1  2  3 |
---------------+----------+-----
Stealth        | 3 |  3.3
Fighting       | 1 |  1.1
Dodging        | |  2.5
Shields        | |  0.7
Spellcasting   | |  2.9
Summonings     | |  4.5

Action                     |  1- 3 |  4- 6 || total
---------------------------+-------+-------++-------
  Melee: Unarmed           |    82 |    21 ||   103
         Constrict         |    22 |     5 ||    27
         Tentacles         |    15 |     6 ||    21
   Cast: Summon Small Mamm |    32 |     1 ||    33
         Call Imp          |     8 |     1 ||     9
         Call Canine Famil |       |     1 ||     1
    Use: Potion            |       |     2 ||     2
   Stab: Sleeping          |     4 |       ||     4
 Armour: Skin              |    36 |    13 ||    49
  Dodge: Dodged            |    66 |    15 ||    81

Table legend: (Time is in decaauts)
 A = Elapsed time spent in this place.
 B = Non-inter-level travel time spent in this place.
 C = Inter-level travel time spent in this place.
 D = Time resting spent in this place.
 E = Time spent auto-exploring this place.
 F = Levels seen in this place.
 G = Mean time per level.
                   A        B        C        D        E       F      G
               +--------+--------+--------+--------+--------+-----+--------+
         Total |   1908 |   1778 |    130 |      0 |   1407 |   3 |  636.0 |
       Dungeon |   1908 |   1778 |    130 |      0 |   1407 |   3 |  636.0 |
               +--------+--------+--------+--------+--------+-----+--------+

Top non-repeatable levels by time:
     D:1: 1147 daAuts
     D:2: 735 daAuts
     D:3: 25 daAuts
